[Event "Titled Tuesday Blitz April 12 Early 2022"]
[White "Coto Mederos, Michel"]
[Black "Sailer, Mike"]
[WhiteFideId "3508528"]
[BlackFideId "2012901"]
[WhiteElo "2427"]
[BlackElo "2109"]
[Result "1-0"]
[Round "04"]
[TimeControl "180+1"]
[Date "2022.04.13"]
[WhiteClock "0:01:05"]
[BlackClock "0:01:32"]

1. c4 c6 2. d4 d5 3. Nf3 Nf6 4. Nc3 a6 5. c5 g6 6. Bf4 Bg7 7. h3 O-O 8. e3 Bf5 9. Bd3 Bxd3 10. Qxd3 Nbd7 11. O-O Re8 12. Bh2 Nh5 13. g4 Nhf6 14. b4 b6 15. a4 a5 16. b5 bxc5 17. bxc6 c4 18. Qb1 Nf8 19. Qb5 Ne6 20. g5 Ne4 21. Nxe4 dxe4 22. Nd2 Nxg5 23. Qxg5 Qb6 24. Qb5 1-0


[Site "https://www.chess.com"]

[Event "Titled Tuesday Blitz April 12 Early 2022"]
[White "De Arruda, Leandro Formes"]
[Black "Omariev, Maksim"]
[WhiteFideId "22722009"]
[BlackFideId "4193423"]
[WhiteElo "1852"]
[BlackElo "2493"]
[Result "0-1"]
[Round "04"]
[TimeControl "180+1"]
[Date "2022.04.13"]
[WhiteClock "0:00:01"]
[BlackClock "0:00:04"]

1. d4 h5 2. e3 h4 3. Nf3 d5 4. h3 Bf5 5. Bd3 Bxd3 6. Qxd3 c6 7. Ne5 Nd7 8. f4 Ngf6 9. Nd2 e6 10. Ndf3 Ne4 11. Bd2 Ng3 12. Rg1 Be7 13. O-O-O a5 14. Be1 Ne4 15. Nd2 Ndf6 16. Ndf3 Nh5 17. Nd2 Nhf6 18. Ndf3 g6 19. Nxh4 a4 20. Nhf3 Qc7 21. Bh4 b5 22. Be1 b4 23. Ng4 Rb8 24. Nxf6+ Bxf6 25. Nd2 Nxd2 26. Bxd2 c5 27. dxc5 Qxc5 28. e4 dxe4 29. Qxe4 b3 30. axb3 axb3 31. c3 O-O 32. Be3 Qa5 33. Bd4 Bxd4 34. Rxd4 Rfc8 35. Kd2 Qa2 36. Rb1 Qa6 37. Qd3 Qb6 38. h4 Qb7 39. h5 Qxg2+ 40. Qe2 Qxe2+ 41. Kxe2 gxh5 42. Rbd1 Kf8 0-1


[Site "https://www.chess.com"]

[Event "Titled Tuesday Blitz April 12 Early 2022"]
[White "Derjabin, Ilja"]
[Black "Pichot, Alan"]
[WhiteFideId "14104768"]
[BlackFideId "110973"]
[WhiteElo "2341"]
[BlackElo "2579"]
[Result "0-1"]
[Round "04"]
[TimeControl "180+1"]
[Date "2022.04.12"]
[WhiteClock "0:01:07"]
[BlackClock "0:01:11"]

1. d4 Nf6 2. c4 e6 3. Nc3 Bb4 4. f3 c5 5. a3 Bxc3+ 6. bxc3 Nc6 7. e3 O-O 8. Bd3 b6 9. Ne2 Ba6 10. O-O Na5 11. e4 h6 12. g4 Ne8 13. Ra2 Bxc4 14. Bxc4 Nxc4 15. Ng3 d5 16. e5 f6 17. f4 fxe5 18. fxe5 Nc7 19. Rxf8+ Qxf8 20. g5 hxg5 21. Bxg5 Qf7 22. Nh5 Nb5 23. Nf6+ gxf6 24. Rg2 fxg5 25. Rxg5+ Kf8 26. Rg3 Ke7 27. Qg4 Rf8 0-1


[Site "https://www.chess.com"]

[Event "Titled Tuesday Blitz April 12 Early 2022"]
[White "Devaev, Alexander"]
[Black "Tregubov, Pavel V."]
[WhiteFideId "4169395"]
[BlackFideId "4115341"]
[WhiteElo "2185"]
[BlackElo "2341"]
[Result "1-0"]
[Round "04"]
[TimeControl "180+1"]
[Date "2022.04.13"]
[WhiteClock "0:00:11"]
[BlackClock "0:00:25"]

1. d4 Nf6 2. c4 e6 3. Nf3 Bb4+ 4. Bd2 Qe7 5. Nc3 Bxc3 6. Bxc3 Ne4 7. Rc1 b6 8. d5 Nxc3 9. Rxc3 a5 10. g3 Bb7 11. Bg2 d6 12. O-O O-O 13. Nd4 e5 14. Nf5 Qf6 15. e4 Bc8 16. Ne3 Nd7 17. b3 Nc5 18. a3 Bd7 19. b4 axb4 20. axb4 Na4 21. Ra3 b5 22. Qc2 Rfb8 23. Rfa1 Qd8 24. Bf1 Nb6 25. c5 Rxa3 26. Rxa3 Na4 27. c6 Bc8 28. Bxb5 Nb6 29. Bd3 g6 30. b5 Qg5 31. Kg2 f5 32. exf5 gxf5 33. h4 Qf6 34. Bxf5 Bxf5 35. Nxf5 Nxd5 36. Qc4 Qxf5 37. Qxd5+ Qf7 38. Qxf7+ Kxf7 39. Ra7 Rxb5 40. Rxc7+ Ke6 41. Rxh7 Rc5 42. c7 d5 43. Kf3 Rc3+ 44. Ke2 d4 45. Rg7 e4 46. h5 Rc2+ 47. Kd1 d3 48. h6 Kf6 49. Rd7 Ke6 50. h7 Kxd7 51. h8=Q Rxc7 52. Qd4+ Kc8 53. Qxe4 1-0


[Site "https://www.chess.com"]

[Event "Titled Tuesday Blitz April 12 Early 2022"]
[White "Di Nicolantonio, Lucas"]
[Black "Rostovtsev, Dmitry"]
[WhiteFideId "680460"]
[BlackFideId "34278320"]
[WhiteElo "2381"]
[BlackElo "2272"]
[Result "0-1"]
[Round "04"]
[TimeControl "180+1"]
[Date "2022.04.13"]
[WhiteClock "0:00:03"]
[BlackClock "0:00:25"]

1. d4 Nf6 2. Bg5 Ne4 3. Bf4 d5 4. e3 c5 5. Bd3 Nf6 6. c3 Nc6 7. Nd2 Bg4 8. Ngf3 e6 9. h3 Bh5 10. Qa4 a6 11. Ne5 Qc8 12. O-O Bg6 13. Bxg6 hxg6 14. Ndf3 b5 15. Qc2 c4 16. Ng5 Nxe5 17. dxe5 Nd7 18. Nxe6 Nxe5 19. Bxe5 Qxe6 20. Bg3 Bc5 21. Rad1 O-O 22. Rfe1 Rfd8 23. e4 d4 24. cxd4 Bxd4 25. Bc7 Rd7 26. Ba5 Re8 27. Re2 Bc5 28. a3 Qc6 29. Rxd7 Qxd7 30. Bc3 Rd8 31. Rd2 Qe8 32. Rxd8 Qxd8 33. Qd2 Qb6 34. Kf1 f6 35. f4 Kh7 36. Qd5 Bg1 37. Ke2 Qe3+ 38. Kd1 Qxf4 39. e5 Qf5 40. Qd6 Qf1+ 41. Kc2 Qxg2+ 42. Kb1 Qe4+ 43. Ka2 Bh2 44. Qe6 Bxe5 45. Bxe5 Qxe5 46. Qxa6 g5 47. a4 bxa4 48. Qxa4 Qd5 49. Qe8 Kh6 50. Qh8+ Kg6 51. Qe8+ Kf5 52. Qc8+ Qe6 53. Qc5+ Kg6 54. Qd4 c3+ 55. b3 Qxh3 56. b4 Qg2+ 57. Ka3 Qd2 58. Qe4+ Kh6 59. Qh1+ Kg6 60. Qe4+ Kh5 61. Qf3+ g4 62. Qf5+ Kh4 63. Qh7+ Kg3 64. Qxg7 c2 65. Qc7+ Kf3 66. Qc6+ Kf2 67. Qxf6+ Ke2 68. Qe5+ Qe3+ 69. Qxe3+ Kxe3 70. b5 0-1


[Site "https://www.chess.com"]

[Event "Titled Tuesday Blitz April 12 Early 2022"]
[White "Wagner, Dinara"]
[Black "Piliczewski, Bogusz"]
[WhiteFideId "24157570"]
[BlackFideId "1104144"]
[WhiteElo "2216"]
[BlackElo "1896"]
[Result "1-0"]
[Round "04"]
[TimeControl "180+1"]
[Date "2022.04.13"]
[WhiteClock "0:01:16"]
[BlackClock "0:00:16"]

1. d4 d5 2. Nf3 Nf6 3. c4 c6 4. Nc3 e6 5. Bg5 Nbd7 6. e3 Qa5 7. Qc2 Bb4 8. Rc1 Ne4 9. Be2 Qxa2 10. O-O Nxc3 11. bxc3 Qxc2 12. Rxc2 Be7 13. cxd5 exd5 14. Bf4 O-O 15. c4 dxc4 16. Bxc4 Nb6 17. Bb3 Bf5 18. Ra2 a6 19. Ne5 Rfd8 20. Nxf7 Rf8 21. Nd6+ Kh8 22. Nxb7 Ra7 23. Nc5 Bxc5 24. dxc5 Nd5 25. Be5 Bd3 26. Rd1 Be4 27. f3 Nxe3 28. Re1 Bxf3 29. Rxe3 Bd5 30. Bxd5 cxd5 31. c6 Raf7 32. h3 Re8 33. Rd2 Rfe7 34. Rxd5 Kg8 35. Ra5 g6 36. Kh2 h5 37. h4 Kf7 38. Rf3+ Kg8 39. Bg3 Rc8 40. c7 Rexc7 41. Bxc7 Rxc7 42. Rxa6 Kg7 43. Rg3 Rc4 44. Rgxg6+ Kf7 45. g3 Rc2+ 46. Kh3 Rc5 47. Rgb6 Rd5 48. Rb7+ Ke8 49. Ra8+ Rd8 50. Rxd8+ Kxd8 51. g4 Ke8 52. gxh5 Kf8 53. h6 Kg8 54. Kg4 Kh8 55. Kg5 Kg8 56. Kg6 Kh8 57. Rb8# 1-0


[Site "https://www.chess.com"]

[Event "Titled Tuesday Blitz April 12 Early 2022"]
[White "Dreev, Aleksey"]
[Black "Mikhailov, Viacheslav"]
[WhiteFideId "4100107"]
[BlackFideId "4187369"]
[WhiteElo "2625"]
[BlackElo "2381"]
[Result "1-0"]
[Round "04"]
[TimeControl "180+1"]
[Date "2022.04.12"]
[WhiteClock "0:00:06"]
[BlackClock "0:00:02"]

1. d4 Nf6 2. c4 g6 3. Nc3 Bg7 4. e4 O-O 5. Bd3 d6 6. Nge2 e5 7. d5 Nbd7 8. O-O Nc5 9. Bc2 a5 10. b3 Nh5 11. Be3 b6 12. Qd2 Bd7 13. Rae1 Qe7 14. f3 f5 15. exf5 gxf5 16. f4 Rae8 17. Bf2 Qf6 18. fxe5 dxe5 19. a3 Bh6 20. Qd1 Qg7 21. b4 axb4 22. axb4 Na6 23. Qb1 f4 24. Kh1 Kh8 25. Ne4 Rg8 26. Rg1 Bg4 27. Qb3 Nf6 28. h3 Nxe4 29. Bxe4 Bd7 30. Ra1 Nb8 31. Qd3 Bg5 32. c5 bxc5 33. bxc5 Qh6 34. c6 Bc8 35. Qf3 Bh4 36. Bxh4 Qxh4 37. Rgf1 Rg7 38. Qf2 Qh6 39. Ra3 Reg8 40. Rfa1 Na6 41. Ng1 Nb4 42. Rb1 f3 43. Rxf3 Na6 44. Rc3 Qg5 45. Qe3 Qe7 46. Rf1 Nb4 47. Qf3 Qd6 48. Qf6 Qxf6 49. Rxf6 Ba6 50. d6 cxd6 51. Rxd6 Bf1 52. g4 Na6 53. Re6 Nc7 54. Rxe5 Nb5 55. Rcc5 Bd3 56. Nf3 Nc7 57. Bxd3 Na6 58. Bxa6 Re7 59. Bc4 Ra7 60. Red5 Rf8 61. Kg2 Ra2+ 62. Bxa2 1-0


[Site "https://www.chess.com"]

[Event "Titled Tuesday Blitz April 12 Early 2022"]
[White "Dubov, Daniil"]
[Black "Timofeev, Artyom"]
[WhiteFideId "24126055"]
[BlackFideId "4140419"]
[WhiteElo "2791"]
[BlackElo "2594"]
[Result "1/2-1/2"]
[Round "04"]
[TimeControl "180+1"]
[Date "2022.04.12"]
[WhiteClock "0:00:19"]
[BlackClock "0:00:29"]

1. d4 Nf6 2. Nf3 g6 3. c4 Bg7 4. Nc3 d5 5. cxd5 Nxd5 6. e4 Nxc3 7. bxc3 c5 8. Bb5+ Nd7 9. O-O O-O 10. Re1 Qc7 11. Bg5 Nb6 12. h3 Bd7 13. Rb1 Rfe8 14. Qb3 Rab8 15. Bh4 cxd4 16. cxd4 Bxb5 17. Qxb5 Qc4 18. Bg3 Qxb5 19. Rxb5 Rbc8 20. a4 Nxa4 21. Rxb7 a6 22. Be5 Nc3 23. d5 a5 24. Bxg7 Kxg7 25. Ne5 a4 26. d6 exd6 27. Nxf7 Rb8 28. Rd7 Kf8 29. Re3 Nxe4 30. Rf3 Nd2 31. Rf6 Rb1+ 32. Kh2 Nf1+ 33. Kg1 Nd2+ 34. Kh2 Nf1+ 35. Kg1 Nd2+ 1/2-1/2


[Site "https://www.chess.com"]

[Event "Titled Tuesday Blitz April 12 Early 2022"]
[White "Dushyant Sharma"]
[Black "Bas Mas, Jose Joaquin"]
[WhiteFideId "25065130"]
[BlackFideId "22219064"]
[WhiteElo "2105"]
[BlackElo "2212"]
[Result "1-0"]
[Round "04"]
[TimeControl "180+1"]
[Date "2022.04.13"]
[WhiteClock "0:00:28"]
[BlackClock "0:00:03"]

1. e4 c5 2. Nf3 d6 3. d4 cxd4 4. Nxd4 Nf6 5. Nc3 g6 6. f4 Nc6 7. Nf3 Bg4 8. Bd3 Bg7 9. O-O O-O 10. Qe1 Rc8 11. Kh1 Nd7 12. Bd2 Nb6 13. a3 Na5 14. Rd1 Nac4 15. Bc1 Nxa3 16. Qh4 Bxf3 17. Rxf3 e6 18. Qf2 Nac4 19. Rh3 Qe7 20. f5 Ne5 21. Bf4 Ng4 22. Qg3 Ne5 23. Bg5 f6 24. Be3 g5 25. fxe6 Qxe6 26. Nd5 Nxd3 27. Nxb6 axb6 28. cxd3 Rc2 29. b4 h6 30. Qe1 d5 31. exd5 Qxd5 32. Rf3 Re8 33. Qf1 Rc3 34. Bxb6 Rb3 35. Bc5 Rb2 36. h3 Ree2 37. Rf2 Qa2 38. Rxe2 Rxe2 39. Ra1 Qe6 40. Ra8+ Kh7 41. Ra1 Re5 42. d4 Rf5 43. Qd3 Kg8 44. Ra8+ Kf7 45. Ra7 Qd5 46. Rxb7+ Qxb7 47. Qxf5 Bf8 48. d5 Bxc5 49. bxc5 Qb5 50. c6 Qc5 51. Qe6+ Kg6 52. Qe8+ Kf5 53. Qd7+ Kg6 54. Qe8+ Kf5 55. Qe6+ Kg6 56. Qe4+ Kg7 57. Qd3 Qc1+ 58. Kh2 Qf4+ 59. Qg3 Qc4 60. c7 Kg6 61. d6 Qc6 62. Qd3+ f5 63. d7 Qxc7+ 64. Kg1 Qc1+ 65. Kf2 Qf4+ 66. Ke2 Qe5+ 67. Kd2 Qa5+ 68. Kc2 Qc5+ 69. Kb3 Qb6+ 70. Kc4 Qc6+ 71. Kb4 Qb6+ 72. Qb5 Qd4+ 73. Ka5 Qa7+ 74. Qa6+ Qxa6+ 75. Kxa6 1-0


[Site "https://www.chess.com"]

[Event "Titled Tuesday Blitz April 12 Early 2022"]
[White "Ehlvest, Jaan"]
[Black "Zhao, Jun"]
[WhiteFideId "4500016"]
[BlackFideId "8602522"]
[WhiteElo "2505"]
[BlackElo "2547"]
[Result "0-1"]
[Round "04"]
[TimeControl "180+1"]
[Date "2022.04.12"]
[WhiteClock "0:00:02"]
[BlackClock "0:01:22"]

1. e4 e5 2. Nf3 Nc6 3. g3 Nf6 4. d3 Bc5 5. Bg2 d6 6. O-O a6 7. c3 Ba7 8. a4 O-O 9. Nbd2 Ne7 10. d4 Ng6 11. Re1 Re8 12. a5 h6 13. b4 Bg4 14. Bb2 Qd7 15. Qc2 Nh7 16. h4 Nf6 17. Nh2 Bh3 18. Ndf3 Rad8 19. Rad1 Qc8 20. Bc1 Bxg2 21. Kxg2 c6 22. c4 exd4 23. Nxd4 d5 24. c5 dxe4 25. Bb2 Bb8 26. Ne2 Rxd1 27. Rxd1 Nd5 28. Qb3 e3 29. f3 Qc7 30. f4 Ngxf4+ 31. gxf4 Nxf4+ 32. Nxf4 Qxf4 33. Nf1 Qf2+ 34. Kh1 e2 0-1


[Site "https://www.chess.com"]

[Event "Titled Tuesday Blitz April 12 Early 2022"]
[White "Esipenko, Andrey"]
[Black "Lashkin, Jegor"]
[WhiteFideId "24175439"]
[BlackFideId "13907808"]
[WhiteElo "2617"]
[BlackElo "2368"]
[Result "1-0"]
[Round "04"]
[TimeControl "180+1"]
[Date "2022.04.12"]
[WhiteClock "0:00:45"]
[BlackClock "0:00:17"]

1. e4 c5 2. Nf3 d6 3. d4 cxd4 4. Nxd4 Nf6 5. Nc3 a6 6. Rg1 e5 7. Nb3 Be6 8. g4 d5 9. exd5 Nxd5 10. Nxd5 Qxd5 11. Be3 Nc6 12. Qxd5 Bxd5 13. O-O-O O-O-O 14. Bb6 Rd6 15. g5 Be6 16. Nc5 Rxd1+ 17. Kxd1 Bxc5 18. Bxc5 Rd8+ 19. Kc1 Kc7 20. b3 Nd4 21. Rg3 b6 22. Bb4 a5 23. Bc3 Bf5 24. Re3 Rd5 25. Bc4 Rc5 26. Kb2 Bg6 27. a4 Kd6 28. h3 f6 29. h4 fxg5 30. hxg5 Bf5 31. Re1 Nxc2 32. Rd1+ Ke7 33. f4 exf4 34. Bxg7 Ne3 35. Bf6+ 1-0


[Site "https://www.chess.com"]

[Event "Titled Tuesday Blitz April 12 Early 2022"]
[White "Gabdrakhmanov, Azat"]
[Black "Odegov, Artem"]
[WhiteFideId "34189197"]
[BlackFideId "34183644"]
[WhiteElo "2279"]
[BlackElo "2286"]
[Result "1-0"]
[Round "04"]
[TimeControl "180+1"]
[Date "2022.04.13"]
[WhiteClock "0:01:48"]
[BlackClock "0:00:01"]

1. e4 e6 2. d3 d5 3. Nd2 c5 4. Ngf3 Nf6 5. g3 Nc6 6. Bg2 g6 7. O-O Bg7 8. Qe2 O-O 9. Re1 b5 10. Nf1 Bb7 11. e5 Nd7 12. Bf4 b4 13. h4 a5 14. N1h2 a4 15. a3 b3 16. c3 h5 17. g4 hxg4 18. Nxg4 Qe7 19. Bg5 f6 20. exf6 Nxf6 21. Nxf6+ Bxf6 22. Qxe6+ Qxe6 23. Rxe6 Bxg5 24. Nxg5 Kg7 25. Bxd5 Rf6 26. Rae1 Rxe6 27. Rxe6 Bc8 1-0


[Site "https://www.chess.com"]

[Event "Titled Tuesday Blitz April 12 Early 2022"]
[White "Gaehwiler, Gabriel"]
[Black "Tan, Jun Ying"]
[WhiteFideId "1314530"]
[BlackFideId "5710413"]
[WhiteElo "2383"]
[BlackElo "1827"]
[Result "1/2-1/2"]
[Round "04"]
[TimeControl "180+1"]
[Date "2022.04.13"]
[WhiteClock "0:00:21"]
[BlackClock "0:00:06"]

1. Nf3 c5 2. c4 Nf6 3. g3 b6 4. Bg2 Bb7 5. O-O e6 6. d4 cxd4 7. Qxd4 Be7 8. b3 d6 9. Rd1 Nbd7 10. Ba3 Nc5 11. Nc3 O-O 12. Nb5 Ne8 13. Rac1 a6 14. Nc3 Qc7 15. Qe3 Nf6 16. h3 Rfe8 17. Nd4 Bxg2 18. Kxg2 Rac8 19. Qf3 Bf8 20. Nc2 Qb8 21. Bb2 b5 22. cxb5 axb5 23. Nb1 Nfd7 24. Nd2 Ne5 25. Qe3 Qa8+ 26. f3 Qxa2 27. Bd4 Ncd3 28. Bxe5 Nxc1 29. Nb4 Qa3 30. Bc3 Nxb3 31. Ne4 Rxc3 32. Qxc3 d5 33. Nc2 Qa4 34. Nf2 Qc4 35. Rd3 Rc8 36. Nd1 Qxc3 37. Rxc3 Rxc3 38. Nxc3 b4 39. Na2 Bc5 40. Naxb4 Kf8 41. Nd3 Bd6 42. f4 Nc5 43. Kf3 Nxd3 44. exd3 Ke7 45. Nd4 f6 46. Ne2 e5 47. f5 Kd7 48. Ke3 Kc6 49. g4 Bc5+ 50. Kd2 Kb5 51. Nc3+ Kc6 52. Ne2 Bd6 53. Kc3 Kc5 54. d4+ exd4+ 55. Kd3 Be5 56. Nc1 Kb4 57. Ne2 Kc5 58. Nc1 Bf4 59. Nb3+ Kd6 60. Nxd4 Be5 61. Nf3 g6 62. Nh4 gxf5 63. Nxf5+ Ke6 64. Ne3 Bd6 65. Nf5 Be5 66. Ng7+ Kf7 67. Nf5 Ke6 1/2-1/2


[Site "https://www.chess.com"]

[Event "Titled Tuesday Blitz April 12 Early 2022"]
[White "Gallegos Diaz, Carlos Alberto"]
[Black "Vianello, Enrico"]
[WhiteFideId "3900886"]
[BlackFideId "810738"]
[WhiteElo "2362"]
[BlackElo "2269"]
[Result "1/2-1/2"]
[Round "04"]
[TimeControl "180+1"]
[Date "2022.04.13"]
[WhiteClock "0:00:08"]
[BlackClock "0:00:08"]

1. e4 c5 2. Nf3 Nc6 3. Bb5 g6 4. O-O Bg7 5. Re1 Nd4 6. Bc4 e6 7. c3 Nxf3+ 8. Qxf3 Ne7 9. d4 cxd4 10. cxd4 Bxd4 11. e5 O-O 12. Nc3 f6 13. Bh6 Rf7 14. Rad1 fxe5 15. Qg4 Nf5 16. Bg5 Qb6 17. Kh1 d5 18. Bb3 Bd7 19. f4 e4 20. Qh3 Raf8 21. g4 Ng7 22. Bh6 a5 23. Nxd5 exd5 24. Bxd5 e3 25. Bxg7 Kxg7 26. Bxf7 Rxf7 27. Re2 Bc6+ 28. Kg1 Rxf4 29. g5 Kg8 30. Qe6+ Kg7 31. Qe7+ Rf7 32. Qd6 Bc5 33. Qe5+ Kg8 34. Rf1 Rxf1+ 35. Kxf1 Bf8 36. Qe6+ Kh8 37. Qe5+ Kg8 38. Qe6+ Kg7 39. Qf6+ Kg8 40. Qe6+ 1/2-1/2


[Site "https://www.chess.com"]

[Event "Titled Tuesday Blitz April 12 Early 2022"]
[White "Galperin, Platon"]
[Black "Hnydiuk, Aleksander"]
[WhiteFideId "14165414"]
[BlackFideId "1109057"]
[WhiteElo "2432"]
[BlackElo "2374"]
[Result "1-0"]
[Round "04"]
[TimeControl "180+1"]
[Date "2022.04.13"]
[WhiteClock "0:01:10"]
[BlackClock "0:00:32"]

1. a3 g6 2. d4 Nf6 3. Nf3 Bg7 4. b4 O-O 5. Bb2 d6 6. e3 Nbd7 7. Nbd2 Qe8 8. Nc4 b6 9. Be2 Bb7 10. O-O Ne4 11. a4 e5 12. a5 Qe7 13. a6 Bc6 14. dxe5 dxe5 15. Ba3 Bb5 16. Qe1 Rad8 17. Bb2 Qe6 18. Na3 Bxe2 19. Qxe2 c5 20. Nb5 cxb4 21. Nxa7 Ndc5 22. Nb5 Ra8 23. Nc7 Qe7 24. Nxa8 Rxa8 25. Rfd1 h6 26. Qb5 Ra7 27. Qxb6 1-0


[Site "https://www.chess.com"]

[Event "Titled Tuesday Blitz April 12 Early 2022"]
[White "Gatterer, Florian"]
[Black "Broca Jimenez, Fernando"]
[WhiteFideId "811688"]
[BlackFideId "5104742"]
[WhiteElo "2218"]
[BlackElo "2062"]
[Result "1-0"]
[Round "04"]
[TimeControl "180+1"]
[Date "2022.04.13"]
[WhiteClock "0:00:07"]
[BlackClock "0:00:08"]

1. Nf3 g6 2. e4 Bg7 3. d4 d6 4. Bd3 Nf6 5. O-O O-O 6. Re1 Nbd7 7. h3 e5 8. c3 c6 9. a4 Qc7 10. a5 Re8 11. Nbd2 Nf8 12. Nc4 h6 13. dxe5 dxe5 14. Be3 g5 15. Nh2 Ng6 16. Ng4 Bxg4 17. hxg4 Rad8 18. Qc2 Nxg4 19. Bxa7 Nf4 20. Bf1 Qc8 21. Bb6 Rd7 22. Ne3 Nxe3 23. Bxe3 Red8 24. Rad1 Bf8 25. g3 Ne6 26. Bh3 Rxd1 27. Rxd1 Rxd1+ 28. Qxd1 Qd8 29. Qb3 Nc5 30. Qc4 Nd3 31. b4 Ne1 32. Qe2 Nd3 33. Bf1 Nf4 34. gxf4 gxf4 35. Bb6 Qg5+ 36. Bg2 Be7 37. Qf3 h5 38. Kf1 Kg7 39. Ke2 Kh6 40. Bh3 Qg1 41. Bf1 Qg5 42. Qg2 Qf6 43. Qf3 Qd6 44. Bc5 Qd7 45. Bxe7 Qxe7 46. Ke1 c5 47. b5 c4 48. Bxc4 Qa3 49. Qd3 Qxa5 50. Ke2 Qa2+ 51. Bxa2 1-0


[Site "https://www.chess.com"]

[Event "Titled Tuesday Blitz April 12 Early 2022"]
[White "Girinath, P.D.S."]
[Black "Kosteniuk, Alexandra"]
[WhiteFideId "5000572"]
[BlackFideId "4128125"]
[WhiteElo "2369"]
[BlackElo "2469"]
[Result "0-1"]
[Round "04"]
[TimeControl "180+1"]
[Date "2022.04.13"]
[WhiteClock "0:00:08"]
[BlackClock "0:00:39"]

1. e4 c6 2. d3 d5 3. Nd2 e5 4. Ngf3 Bd6 5. g3 Nf6 6. Bg2 O-O 7. O-O Nbd7 8. exd5 cxd5 9. c4 dxc4 10. Nxc4 Bc7 11. Re1 Re8 12. b3 b5 13. Ne3 Bb7 14. Bb2 Nc5 15. d4 exd4 16. Nxd4 Bxg2 17. Kxg2 Qd7 18. Rc1 Bb6 19. Ndf5 Qc6+ 20. Kg1 Rad8 21. Qc2 Qe6 22. Bxf6 Qxf6 23. Nd5 Rxe1+ 24. Rxe1 Qg5 25. h4 Qh5 26. Re5 Qf3 27. Qd2 Nd3 28. Nde7+ Kf8 29. Ne3 Nxe5 0-1


[Site "https://www.chess.com"]

[Event "Titled Tuesday Blitz April 12 Early 2022"]
[White "GodDMuhammad"]
[Black "Manolache, Marius"]
[BlackFideId "1201530"]
[WhiteElo "2302"]
[BlackElo "2364"]
[Result "0-1"]
[Round "04"]
[TimeControl "180+1"]
[Date "2022.04.13"]
[WhiteClock "0:00:08"]
[BlackClock "0:00:39"]

1. f4 Nf6 2. Nf3 d5 3. d3 b6 4. g3 Bb7 5. Bg2 e6 6. c3 Nbd7 7. Qc2 Bc5 8. b4 Be7 9. Nbd2 a5 10. b5 Bc5 11. a4 Qe7 12. Ne5 h5 13. h3 O-O 14. d4 Bd6 15. O-O Rfc8 16. Re1 c5 17. bxc6 Bxc6 18. Nxc6 Rxc6 19. Bb2 Rac8 20. e4 dxe4 21. Nxe4 Nxe4 22. Bxe4 R6c7 23. Qe2 Nf6 24. Bf3 h4 25. Qf2 hxg3 26. Qxg3 Rxc3 27. Bxc3 Rxc3 28. Rac1 Qc7 29. Rxc3 Qxc3 30. Rd1 Nd5 31. Qf2 Bxf4 32. Kh1 Ne3 33. Rg1 Qxd4 34. Qh4 Nf5 35. Qg4 Qe3 36. h4 Be5 37. h5 Qf2 38. Rg2 Ng3+ 39. Kh2 Nxh5+ 40. Kh3 Nf4+ 41. Kh2 Nxg2+ 42. Kh3 Nf4+ 0-1


[Site "https://www.chess.com"]

[Event "Titled Tuesday Blitz April 12 Early 2022"]
[White "Golubeva, Oksana"]
[Black "Kejzar, Petra"]
[WhiteFideId "4170164"]
[BlackFideId "14610213"]
[WhiteElo "2162"]
[BlackElo "2003"]
[Result "0-1"]
[Round "04"]
[TimeControl "180+1"]
[Date "2022.04.13"]
[WhiteClock "0:00:10"]
[BlackClock "0:00:07"]

1. Nf3 Nf6 2. e3 e6 3. d4 Be7 4. g4 d5 5. c4 Nbd7 6. Nc3 c6 7. Qc2 Nxg4 8. Rg1 h5 9. h3 Ngf6 10. Rxg7 dxc4 11. Bxc4 Nb6 12. Be2 Bd7 13. Ne5 Rf8 14. Bd2 Nbd5 15. Ne4 Qc7 16. Ng5 O-O-O 17. Nexf7 Rg8 18. Rxg8 Rxg8 19. h4 Ng4 20. Qe4 Qh2 21. Bxg4 Qg1+ 22. Ke2 Qxa1 23. Bxe6 Qxb2 24. Bxd7+ Kxd7 25. Qe6+ Kc7 26. Ne5 Rf8 27. Ne4 Bb4 28. Qd7+ Kb8 29. Nc4 Qxa2 30. Ncd6 Qa6+ 31. Kd1 Bxd2 32. Kxd2 Qa2+ 33. Kd3 Qb3+ 34. Ke2 Rg8 35. Nf5 Qc2+ 36. Kf3 Qxe4+ 37. Kxe4 Nf6+ 38. Kf4 Nxd7 39. Ne7 Rf8+ 40. Nf5 a5 41. e4 a4 42. e5 a3 43. e6 Nf6 44. Ke5 Nd5 45. e7 Nxe7 46. Nxe7 a2 47. Ng6 Rxf2 48. Nf4 a1=Q 49. Ne6 Qa5+ 50. Kd6 Qd5+ 51. Ke7 Re2 52. Kf7 Qxe6+ 53. Kf8 Rf2+ 54. Kg7 Qf7+ 55. Kh8 Qf8+ 56. Kh7 Rf7+ 57. Kg6 Qg7+ 58. Kxh5 Rf5# 0-1


[Site "https://www.chess.com"]

[Event "Titled Tuesday Blitz April 12 Early 2022"]
[White "Grandelius, Nils"]
[Black "Shipov, Sergei"]
[WhiteFideId "1710400"]
[BlackFideId "4113624"]
[WhiteElo "2617"]
[BlackElo "2806"]
[Result "1-0"]
[Round "04"]
[TimeControl "180+1"]
[Date "2022.04.12"]
[WhiteClock "0:00:07"]
[BlackClock "0:00:04"]

1. Nf3 Nf6 2. g3 d5 3. Bg2 c6 4. O-O Bg4 5. h3 Bh5 6. c4 e6 7. d4 Bd6 8. Nc3 Nbd7 9. cxd5 exd5 10. Nh4 O-O 11. Nf5 Bc7 12. Qb3 Rb8 13. Bd2 Re8 14. Rae1 b5 15. Bf3 Bxf3 16. exf3 g6 17. Nh6+ Kg7 18. Qc2 Nb6 19. Bg5 Qd7 20. Kg2 Rxe1 21. Rxe1 Re8 22. Bxf6+ Kxf6 23. Ng4+ Kg7 24. Qc1 Re6 25. Nb1 Nc4 26. b3 Nb6 27. Qh6+ Kg8 28. Nd2 Qe7 29. Rxe6 Qxe6 30. Nf1 Nd7 31. Qc1 f5 32. Nge3 Bb6 33. Qc3 Qf6 34. Nc2 Nf8 35. a4 a6 36. a5 Ba7 37. b4 Kf7 38. Nd2 Ke7 39. Nb3 Kd7 40. Nc5+ Bxc5 41. Qxc5 Ne6 42. Qb6 Nc7 43. Ne1 Qd8 44. Nd3 Ne6 45. Ne5+ Kd6 46. Qxc6+ Ke7 47. Qxa6 Nxd4 48. Qa7+ Ke6 49. Qxd4 Qc7 50. Nd3 Qc4 51. Nc5+ Kd6 52. Qf6+ Kc7 53. Qe7+ 1-0


[Site "https://www.chess.com"]

[Event "Titled Tuesday Blitz April 12 Early 2022"]
[White "Gu, Xiaobing"]
[Black "Simonovic, Miroslav"]
[WhiteFideId "8602611"]
[BlackFideId "919152"]
[WhiteElo "2174"]
[BlackElo "2043"]
[Result "0-1"]
[Round "04"]
[TimeControl "180+1"]
[Date "2022.04.13"]
[WhiteClock "0:00:27"]
[BlackClock "0:00:27"]

1. e4 c5 2. Nf3 Nc6 3. Bb5 g6 4. Bxc6 dxc6 5. d3 Bg7 6. Nc3 e5 7. h3 Ne7 8. Be3 b6 9. Qd2 h6 10. O-O Be6 11. a3 f5 12. exf5 gxf5 13. Qe2 O-O 14. Nh4 Nd5 15. Bd2 Qxh4 16. f4 Rae8 17. fxe5 Bd7 18. Qf3 Rxe5 19. Nxd5 cxd5 20. Bf4 Ree8 21. Qxd5+ Be6 22. Qb7 Bxb2 23. Rae1 Bd4+ 24. Kh2 Rf7 25. Qc6 Bd7 26. Rxe8+ Bxe8 27. Qxe8+ Kg7 28. Qe6 Qf6 29. Qd5 Re7 30. Bd6 Be5+ 31. Bxe5 Qxe5+ 32. Qxe5+ Rxe5 33. Kg3 Kf6 34. Kf3 Ke6 35. Rb1 Kd5 36. a4 Re6 37. Kf4 Kd4 38. Kxf5 Rc6 39. g4 Kc3 40. h4 Kxc2 41. Rg1 Kxd3 42. g5 hxg5 43. hxg5 c4 44. g6 c3 45. g7 Rc8 46. Rg3+ Kd2 47. Rg2+ Kc1 48. Rh2 Rg8 49. Kf6 c2 50. Kf7 Rxg7+ 51. Kxg7 Kb1 52. Rxc2 Kxc2 53. Kf6 Kb3 54. Ke5 Kxa4 0-1


[Site "https://www.chess.com"]

[Event "Titled Tuesday Blitz April 12 Early 2022"]
[White "Gunina, Valentina"]
[Black "Matlakov, Maxim"]
[WhiteFideId "4167570"]
[BlackFideId "4168003"]
[WhiteElo "2381"]
[BlackElo "2669"]
[Result "0-1"]
[Round "04"]
[TimeControl "180+1"]
[Date "2022.04.12"]
[WhiteClock "0:00:17"]
[BlackClock "0:00:42"]

1. d4 Nf6 2. c4 e6 3. Nf3 d5 4. Nc3 c5 5. cxd5 Nxd5 6. e4 Nxc3 7. bxc3 cxd4 8. cxd4 Bb4+ 9. Bd2 Bxd2+ 10. Qxd2 O-O 11. Bc4 Nd7 12. O-O b6 13. Rfe1 Bb7 14. Rad1 Rc8 15. Bb3 h6 16. h3 Nf6 17. Qf4 Qc7 18. Ne5 Nd7 19. Qg3 Nxe5 20. dxe5 b5 21. f4 a5 22. f5 a4 23. f6 g6 24. Bxe6 Qb6+ 25. Kh2 Qxe6 26. Rd6 Qe8 27. e6 fxe6 28. Qe5 Qf7 29. Rf1 Rc6 30. Qd4 Rxd6 31. Qxd6 Bxe4 32. Qf4 Bf5 33. Qe5 b4 34. Rf4 b3 35. Rxa4 bxa2 36. Rxa2 Qxf6 37. Qe3 Qg5 38. Qe5 Qf6 39. Qe3 Kg7 40. Rf2 h5 41. Rd2 Rd8 42. Ra2 Rd7 43. Ra8 Qd4 44. Qg3 Qd6 0-1


[Site "https://www.chess.com"]